 Dungeon Crawl Stone Soup version bcrawl-1.19.1 (webtiles) character file.

Game seed: 14958292881891985983

8065 JackS81 the Basher (level 11, -1/104 HPs)
             Began as a Minotaur Archaeologist on Dec 4, 2019.
             Was a Priest of Okawaru.
             Slain by a merfolk
             ... wielding a +2 trident of protection
              (3 damage)
             ... on level 1 of the Lair of Beasts.
             The game lasted 00:39:47 (9141 turns).

JackS81 the Basher (Minotaur Archaeologist)         Turns: 9141, Time: 00:39:47

Health: -1/104     AC: 36    Str: 19    XL:     11   Next: 5%
Magic:  10/10      EV:  8    Int: 11    God:    Okawaru [***...]
Gold:   709        SH:  0    Dex: 11    Spells: 10/10 levels left

rFire    + . .     SeeInvis .   r - +1 whip (flame)
rCold    + . .     Gourm    .   (no shield)
rNeg     . . .     Faith    .   f - +15 Maxwell's patent armour {-Cast -Tele rElec MR+ rCorr}
rPois    +         Spirit   .   c - +1 hat
rElec    +         Reflect  .   T - +1 cloak
rCorr    +         Harm     .   (no gloves)
MR       +....     NoTele   +   d - +1 pair of boots Stlth ..........NoCast +
                                (no amulet)
HPRegen  0.27/turn              C - ring of poison resistance
MPRegen  0.12/turn              M - +2 ring of strength

@: resistant, studying 2 skills
A: retaliatory headbutt, horns 2
a: Heroism, Renounce Religion


You were on level 1 of the Lair of Beasts.
You worshipped Okawaru.
Okawaru was most pleased with you.
You were not hungry.

You visited 3 branches of the dungeon, and saw 11 of its levels.

You collected 709 gold pieces.

Inventory:

Hand Weapons
 r - a +1 whip of flaming (weapon)
 s - a +0 whip of electrocution
 y - a +3 club
 D - a +6 dagger
 I - a +0 shortbow
Missiles
 k - 1916 arrows
 u - 336 tomahawks (quivered)
 S - 55 silver javelins
Armour
 c - a +1 hat (worn)
 d - a +1 pair of boots (worn)
 f - the +15 Maxwell's patent armour (worn) {-Cast -Tele rElec MR+ rCorr}

   It insulates you from electricity.
   It affects your resistance to hostile enchantments.
   It prevents spellcasting.
   It prevents most forms of teleportation.
   It provides partial protection from all sources of acid and corrosion.
 T - a +1 cloak (worn)
Jewellery
 p - an uncursed ring of insulation {unknown}
 C - a ring of poison resistance (left hand)
 E - an uncursed ring of fire
 M - a +2 ring of strength (right hand)
 P - a cursed ring of attention {unknown}
Wands
 b - a wand of acid (7)
 z - a wand of polymorph (19)
 K - a wand of random effects (19)
 Q - a wand of disintegration (12)
Scrolls
 a - a scroll of teleportation
 e - a scroll of immolation
 l - 7 scrolls of identify
 m - a scroll of enchant armour
 o - 2 scrolls of amnesia
 q - 2 scrolls of magic mapping
 t - 7 scrolls of remove curse {unknown}
 w - a scroll of enchant weapon
 x - a scroll of fear
 L - 2 scrolls of fog {unknown}
Potions
 h - 2 potions of brilliance {unknown}
 i - a potion of might
 n - 2 potions of curing
 v - a potion of agility {unknown}
 G - 2 potions of berserk rage {unknown}
 J - a potion of mutation {unknown}
 N - a potion of degeneration {unknown}
Books
 F - a manual of Fighting
 O - a manual of Transmutations
Comestibles
 g - 23 rations {!d}


   Skills:
 + Level 11.8 Fighting
 * Level 12.8 Maces & Flails
 - Level 5.0 Bows
 + Level 12.4 Armour
 - Level 4.0 Dodging
 - Level 2.6 Stealth


You had 10 spell levels left.
You didn't know any spells.
Your spell library contained the following spells:

 Spells                   Type           Power        Failure   Level  Hunger
 Animate Skeleton         Necr           N/A          99%         1    ##.....
 Magic Dart               Conj           #...         99%         1    ##.....
 Pain                     Necr           #.....       99%         1    ##.....
 Sandblast                Erth           #.....       99%         1    ##.....
 Passwall                 Tmut/Erth      #.......     100%        2    ###....
 Searing Ray              Conj           #.....       100%        2    ###....
 Iskenderun's Mystic Bla  Conj           #.......     100%        3    ####...
 Regeneration             Chrm/Necr      #.........   100%        3    ####...
 Stone Arrow              Conj/Erth      #.....       100%        3    ####...
 Vampiric Draining        Necr           #.........   100%        3    ####...
 Animate Dead             Necr           N/A          100%        4    #####..
 Fulminant Prism          Conj/Hex       #.........   100%        4    #####..
 Petrify                  Tmut/Erth      #.......     100%        4    #####..
 Bolt of Draining         Conj/Necr      #.........   100%        5    ######.
 Irradiate                Conj/Tmut      #.........   100%        5    ######.
 Lee's Rapid Deconstruct  Erth           #.........   100%        5    ######.
 Silence                  Hex/Air        #.........   100%        5    ######.
 Summon Lightning Spire   Summ/Air       #.......     100%        5    ######.
 Conjure Ball Lightning   Conj/Air       #.........   100%        6    #######
 Deflect Missiles         Chrm/Air       #.........   100%        6    #######
 Tornado                  Air            #.........   100%        9    #######


Dungeon Overview and Level Annotations

Branches:
Dungeon (8/12)             Temple (1/1) D:7            Lair (2/6) D:7
  Swamp: Lair:2-4    Shoals: Lair:2-4     Snake: Lair:2-4    Spider: Lair:2-4
    Orc: D:8-11

Altars:
Ashenzari
Cheibriados
Dithmenos
Elyvilon
Fedhas
Gozag
Hepliaklqana
Kikubaaqudgha
Lugonu
Makhleb
Nemelex Xobeh
Okawaru
Qazlal
Ru
Sif Muna
Trog
Uskayaw
Vehumet
Wu Jian
Xom
Yredelemnul
Zin
The Shining One

Shops:
D:4 }

Annotations:
D:6 3 runed translucent doors, brkfrs's ghost, novice VSMo


Innate Abilities, Weirdness & Mutations

You reflexively headbutt those who attack you in melee.
You have a pair of horns on your head.


Message History

* * * LOW HITPOINT WARNING * * *
The blink frog blinks!
The merfolk siren chants its luring song.
As you read the scroll labeled VABOQE KUTUDAG, it crumbles to dust.
You feel momentarily disoriented.
It was a scroll of magic mapping.
The merfolk siren hits you but does no damage.
The merfolk hits you but does no damage.
As you read the scroll labeled DEIPEH SEERI, it crumbles to dust.
It is a scroll of enchant weapon.
Your +0 whip of flaming glows red for a moment.
The merfolk siren chants its luring song.
The merfolk hits you but does no damage.
As you read the scroll labeled FEMIHE ICURIE, it crumbles to dust.
You assume a fearsome visage.
The merfolk resists with some effort.
The merfolk siren looks frightened!
The blink frog looks frightened!
It was a scroll of fear.
The merfolk siren stops singing.
You are no longer entranced.
The blink frog blinks!
The merfolk barely misses you.
The merfolk hits you from afar with a +2 trident of protection.
You die...

### ### #########m###.# ###
#......@..ยง..########P#
#....####...m.........#
#####.#######.##..#.#.#.#.#
###.P#..#
#...............##
#.......###
#P..##.#####.....#
#.###..##.####..##.#
###..## #.#
##...#......##.# #..## #.#
#.##.#.##.##P.# #.... #>#
##.##......###.## #..##


You could see a merfolk (inner flame) and a merfolk siren (inner flame).

Vanquished Creatures
  A hydra (Lair:1)
  2 black mambas (Lair:1)
  Maurice (D:8)
  A queen bee (Lair:1)
  A hornet (D:7)
  5 blink frogs
  Grinder (D:3)
  A wyvern (D:7)
  2 crocodiles
  7 water moccasins
  A porcupine (Lair:1)
  A black bear (D:8)
  A sky beast (D:4)
  2 phantoms
  An orc warrior (D:5)
  2 ice beasts
  2 ogres (D:4)
  6 centaurs
  3 bullfrogs
  A scorpion (D:4)
  15 killer bees (Lair:1)
  2 howler monkeys
  4 crimson imps
  A bullfrog zombie (D:8)
  2 centaur skeletons
  A jelly (D:7)
  7 hounds
  5 orc priests
  Jessica (D:3)
  An orc wizard (D:4)
  Ijyb (D:3)
  2 iguanas
  4 worker ants
  A hound skeleton (D:7)
  A worker ant zombie (D:5)
  3 gnolls (D:4)
  9 adders
  2 shadow imps (D:5)
  3 oozes
  An adder skeleton (D:4)
  2 worms
  4 dart slugs
  9 leopard geckos
  30 orcs
  5 giant cockroaches
  11 goblins
  10 hobgoblins
  13 jackals
  10 kobolds
  6 quokkas
  A ball python (D:2)
  4 bats
  4 frilled lizards
  A quokka skeleton (D:4)
  5 rats
223 creatures vanquished.

Vanquished Creatures (others)
  A fungus (Lair:1)
1 creature vanquished.

Grand Total: 224 creatures vanquished

Notes
Turn   | Place    | Note
-------+----------+-------------------------------------------
     0 | D:1      | JackS81 the Minotaur Archaeologist began the quest for the
                  | Orb.
     0 | D:1      | Reached XP level 1. HP: 16/16 MP: 0/0
    34 | D:1      | Reached XP level 2. HP: 14/23 MP: 1/1
   487 | D:1      | Reached XP level 3. HP: 28/28 MP: 2/2
  1001 | D:2      | Reached skill level 1 in Armour
  1583 | D:2      | Reached XP level 4. HP: 35/35 MP: 3/3
  1746 | D:2      | Reached skill level 5 in Armour
  2184 | D:3      | Noticed Jessica
  2188 | D:3      | Killed Jessica
  2188 | D:3      | Reached XP level 5. HP: 38/40 MP: 4/4
  2268 | D:3      | Noticed Ijyb
  2289 | D:3      | Killed Ijyb
  2520 | D:3      | Noticed Grinder
  2547 | D:3      | Killed Grinder
  2547 | D:3      | Reached XP level 6. HP: 33/47 MP: 5/5
  2964 | D:3      | Found a basalt altar of Yredelemnul.
  3163 | D:4      | Reached XP level 7. HP: 53/53 MP: 6/6
  3370 | D:4      | Reached skill level 5 in Maces & Flails
  4044 | D:4      | Found Luta's Gadget Boutique.
  4076 | D:4      | Reached XP level 8. HP: 57/63 MP: 7/7
  4083 | D:4      | Reached skill level 10 in Armour
  4311 | D:5      | Entered Level 5 of the Dungeon
  4393 | D:5      | Reached skill level 1 in Bows
  4559 | D:5      | Reached skill level 5 in Fighting
  5497 | D:6      | Reached XP level 9. HP: 78/78 MP: 8/8
  5723 | D:6      | Found a runed translucent gate.
  5723 | D:6      | Found a runed translucent gate.
  5723 | D:6      | Found a runed translucent gate.
  5724 | D:6      | Noticed brkfrs's ghost (novice VSMo)
  5931 | D:7      | Found a shimmering altar of Xom.
  6072 | D:7      | Found a staircase to the Lair.
  6251 | D:7      | Reached skill level 10 in Maces & Flails
  6484 | D:7      | Found a staircase to the Ecumenical Temple.
  6520 | Temple   | Entered the Ecumenical Temple
  6681 | Temple   | Became a worshipper of Warmaster Okawaru
  6894 | D:8      | Noticed Maurice
  6984 | D:8      | Killed Maurice
  6984 | D:8      | Reached * piety under Okawaru
  7100 | D:8      | Noticed a four-headed hydra
  7105 | D:8      | Reached XP level 10. HP: 40/91 MP: 9/9
  7381 | Lair:1   | Entered Level 1 of the Lair of Beasts
  7511 | Lair:1   | Noticed a five-headed hydra
  7551 | Lair:1   | Killed a five-headed hydra
  7551 | Lair:1   | Reached ** piety under Okawaru
  7551 | Lair:1   | Reached skill level 10 in Fighting
  7746 | Lair:1   | Noticed a black mamba
  7765 | Lair:1   | Killed a black mamba
  8148 | Lair:1   | Noticed a black mamba
  8160 | Lair:1   | Killed a black mamba
  8419 | Lair:1   | Reached *** piety under Okawaru
  8480 | Lair:1   | Reached skill level 5 in Bows
  8492 | Lair:1   | Received a gift from Okawaru
  8930 | Lair:2   | Reached XP level 11. HP: 62/103 MP: 7/10
  9137 | Lair:1   | HP: 1/104 [merfolk/+2 trident of protection (10)]
  9141 | Lair:1   | Slain by a merfolk

Skill      XL: |  1  2  3  4  5  6  7  8  9 10 |
---------------+-------------------------------+-----
Maces & Flails | 2 3 4 6 8 10 12 | 12.8
Armour         | 4 6 9 10 11 12 | 12.4
Fighting       | 3 6 9 11 | 11.8
Dodging        | 4 |  4.0
Bows           | 1 2 5 |  5.0
Stealth        | |  2.6

Action                   |  1- 3 |  4- 6 |  7- 9 | 10-12 || total
-------------------------+-------+-------+-------+-------++-------
Melee: Whip              |   119 |   145 |   383 |   275 ||   922
       Headbutt          |    19 |    19 |    58 |    38 ||   134
       Unarmed           |       |     5 |       |       ||     5
 Fire: Shortbow          |       |       |   102 |    25 ||   127
Throw: Stone             |     4 |    22 |     5 |       ||    31
       Tomahawk          |       |       |    13 |       ||    13
Invok: Heroism           |       |       |       |     3 ||     3
Evoke: Wand              |       |       |     2 |       ||     2
  Use: Potion            |       |     6 |       |     4 ||    10
       Scroll            |       |       |     1 |     7 ||     8
 Stab: Sleeping          |     1 |     3 |       |       ||     4
  Eat: Chunk             |     2 |     5 |    10 |     1 ||    18
       Ration            |       |       |     1 |     2 ||     3
Armor: Robe              |    29 |     9 |       |       ||    38
       Chain mail        |       |    17 |       |       ||    17
       Skin              |       |     2 |       |       ||     2
       Plate armour      |       |    36 |   245 |   191 ||   472
Dodge: Dodged            |    70 |    61 |    97 |   108 ||   336
